[ AOE2 MATCH · #477933983 ]
UnrankedWu vs Burgundians
Player's team · LOSS
[ REPLAY ANALYSIS · EXTRACTED FROM THE RECORDED GAME ]
Feudal
8:52
Castle
20:23
Imperial
38:20
| APM avg | 84.6 |
| APM peak | 153 |
| eAPM avg | 43.8 |
| Villagers / military | 209 / 35 |
Focus
⚔️ 51.5% · 🌾 48.5%
Unknown (1944) ×35 · Archer ×17 · Scout Cavalry ×7 · Monk ×6 · Spearman ×5 · Unknown (1968) ×3
Feudal
9:52
Castle
20:09
Imperial
—
| APM avg | 35.5 |
| APM peak | 61 |
| eAPM avg | 17.7 |
| Villagers / military | 72 / 167 |
Focus
⚔️ 44.7% · 🌾 55.3%
Knight ×102 · Spearman ×21 · Flemish Militia ×15 · Monk ×14 · Battering Ram ×9 · Scout Cavalry ×6
Match map
Initial resources + every placement click. Lines = walls · curves = elevation contours. ◆ gold · ⬟ stone · ● berries · ✦ relic · ◌ wall gap
Your base· ✓ Closed at 20:23 · 27t walls · no gate
OnlyMouseAoE2's base· ✓ Closed at 20:09 · 40t walls · 1 gate(s)
Smoothed initial terrain · ◌ = detected wall gap · hover for details
Inputs per minute
— Legate - - OnlyMouseAoE2
Build order — Legate
First 150 of 495 actions detected
| 0:00 | Create | Villager (Male) |
| 0:00 | Create | Villager (Male) |
| 0:01 | Build | House |
| 0:02 | Build | House |
| 0:08 | Create | Villager (Male) |
| 0:12 | Create | Villager (Male) |
| 1:26 | Create | Villager (Male) |
| 1:56 | Create | Villager (Male) |
| 1:57 | Build | Lumber Camp |
| 2:21 | Create | Villager (Male) |
| 2:21 | Create | Villager (Male) |
| 2:52 | Create | Villager (Male) |
| 3:07 | Create | Villager (Male) |
| 3:43 | Create | Villager (Male) |
| 3:49 | Build | House |
| 3:56 | Build | House |
| 3:59 | Create | Villager (Male) |
| 4:31 | Create | Villager (Male) |
| 4:48 | Create | Villager (Male) |
| 5:03 | Build | Mill |
| 5:22 | Create | Villager (Male) |
| 5:22 | Create | Villager (Male) |
| 5:56 | Research | Loom |
| 6:42 | Research | Feudal Age |
| 7:04 | Build | Lumber Camp |
| 7:05 | Create | Villager (Male) |
| 7:09 | Build | House |
| 7:10 | Build | Palisade Wall |
| 8:06 | Build | Barracks |
| 8:22 | Build | Palisade Wall |
| 8:23 | Build | Palisade Wall |
| 8:52 | Age | Feudal Age |
| 9:00 | Build | Stable |
| 9:03 | Research | Double-Bit Axe |
| 9:07 | Create | Villager (Male) |
| 9:24 | Create | Villager (Male) |
| 9:26 | Build | House |
| 9:30 | Build | Palisade Wall |
| 9:33 | Research | Horse Collar |
| 9:42 | Create | Scout Cavalry |
| 9:45 | Build | Palisade Wall |
| 9:45 | Build | Palisade Wall |
| 9:46 | Build | Palisade Wall |
| 9:49 | Create | Villager (Male) |
| 10:02 | Build | Farm |
| 10:04 | Build | Farm |
| 10:08 | Create | Scout Cavalry |
| 10:18 | Build | Farm |
| 10:22 | Build | Farm |
| 10:26 | Create | Villager (Male) |
| 10:33 | Build | Palisade Wall |
| 10:36 | Build | Farm |
| 10:51 | Create | Villager (Male) |
| 11:00 | Build | Farm |
| 11:01 | Build | Farm |
| 11:14 | Build | House |
| 11:18 | Create | Villager (Male) |
| 11:29 | Build | Palisade Wall |
| 11:36 | Create | Villager (Male) |
| 11:46 | Build | Archery Range |
| 11:47 | Create | Villager (Male) |
| 11:58 | Create | Villager (Male) |
| 12:16 | Build | House |
| 12:17 | Build | Palisade Wall |
| 12:22 | Create | Scout Cavalry |
| 12:24 | Build | Farm |
| 12:28 | Build | House |
| 12:29 | Create | Archer |
| 12:35 | Create | Villager (Male) |
| 12:46 | Build | Mining Camp |
| 12:49 | Create | Villager (Male) |
| 13:00 | Create | Scout Cavalry |
| 13:08 | Create | Villager (Male) |
| 13:10 | Build | Farm |
| 13:18 | Create | Villager (Male) |
| 13:40 | Build | Blacksmith |
| 13:53 | Create | Archer |
| 13:56 | Create | Scout Cavalry |
| 14:09 | Create | Villager (Male) |
| 14:13 | Create | Villager (Male) |
| 14:18 | Build | Farm |
| 14:24 | Build | Palisade Wall |
| 14:29 | Research | Fletching |
| 14:34 | Create | Villager (Male) |
| 14:44 | Create | Villager (Male) |
| 14:45 | Create | Archer |
| 14:49 | Build | Farm |
| 14:50 | Create | Villager (Male) |
| 14:50 | Build | Farm |
| 15:11 | Build | House |
| 15:16 | Create | Archer |
| 15:20 | Create | Villager (Male) |
| 15:24 | Build | Farm |
| 15:37 | Build | Farm |
| 15:44 | Create | Archer |
| 15:50 | Build | Farm |
| 15:54 | Research | Wheelbarrow |
| 16:11 | Build | Farm |
| 16:21 | Build | Farm |
| 16:49 | Create | Archer |
| 17:02 | Create | Villager (Male) |
| 17:08 | Build | Palisade Wall |
| 17:17 | Build | House |
| 17:29 | Build | House |
| 17:30 | Create | Villager (Male) |
| 17:43 | Research | Castle Age |
| 17:43 | Research | Castle Age |
| 17:48 | Create | Archer |
| 18:16 | Build | Archery Range |
| 18:19 | Research | Gold Mining |
| 18:19 | Research | Gold Mining |
| 18:30 | Research | Bloodlines |
| 18:47 | Create | Villager (Male) |
| 18:53 | Create | Archer |
| 19:06 | Research | Scale Barding Armor |
| 19:10 | Create | Archer |
| 19:27 | Create | Archer |
| 19:53 | Create | Archer |
| 19:53 | Create | Villager (Male) |
| 20:23 | Age | Castle Age |
| 20:25 | Research | Crossbowman (upgrade) |
| 20:52 | Create | Villager (Male) |
| 20:53 | Research | Bodkin Arrow |
| 20:57 | Build | Siege Workshop |
| 21:15 | Create | Villager (Male) |
| 21:18 | Build | Palisade Gate |
| 21:20 | Research | Bow Saw |
| 21:20 | Research | Bow Saw |
| 21:22 | Create | Unit 1944 |
| 21:28 | Create | Archer |
| 21:28 | Create | Archer |
| 21:33 | Build | House |
| 21:44 | Create | Villager (Male) |
| 21:57 | Create | Villager (Male) |
| 21:59 | Build | Town Center |
| 22:14 | Create | Archer |
| 22:14 | Create | Archer |
| 22:33 | Build | Palisade Wall |
| 22:34 | Build | Palisade Wall |
| 22:37 | Create | Villager (Male) |
| 22:43 | Create | Villager (Male) |
| 22:45 | Build | Monastery |
| 22:48 | Create | Villager (Male) |
| 22:49 | Create | Villager (Male) |
| 22:56 | Create | Villager (Male) |
| 22:58 | Create | Villager (Male) |
| 23:05 | Create | Archer |
| 23:06 | Create | Archer |
| 23:20 | Create | Villager (Male) |
| 23:20 | Create | Villager (Male) |
Build order — OnlyMouseAoE2
First 150 of 366 actions detected
| 0:02 | Create | Villager (Male) |
| 0:04 | Build | House |
| 0:07 | Build | House |
| 0:22 | Create | Villager (Male) |
| 0:22 | Create | Villager (Male) |
| 0:22 | Create | Villager (Male) |
| 1:31 | Create | Villager (Male) |
| 1:31 | Create | Villager (Male) |
| 2:00 | Create | Villager (Male) |
| 2:24 | Create | Villager (Male) |
| 2:31 | Build | Lumber Camp |
| 2:36 | Create | Villager (Male) |
| 3:10 | Create | Villager (Male) |
| 3:32 | Research | Double-Bit Axe |
| 3:48 | Create | Villager (Male) |
| 3:49 | Create | Villager (Male) |
| 4:08 | Build | House |
| 4:16 | Create | Villager (Male) |
| 4:38 | Create | Villager (Male) |
| 4:46 | Build | House |
| 4:53 | Build | House |
| 5:01 | Create | Villager (Male) |
| 5:02 | Create | Villager (Male) |
| 5:32 | Create | Villager (Male) |
| 5:33 | Create | Villager (Male) |
| 5:33 | Create | Villager (Male) |
| 5:37 | Build | Mill |
| 5:59 | Research | Loom |
| 6:09 | Build | Palisade Wall |
| 6:44 | Create | Villager (Male) |
| 6:48 | Create | Villager (Male) |
| 7:00 | Build | Palisade Wall |
| 7:24 | Build | Palisade Wall |
| 7:42 | Research | Feudal Age |
| 8:12 | Build | Lumber Camp |
| 8:31 | Build | House |
| 9:29 | Build | Barracks |
| 9:35 | Create | Villager (Male) |
| 9:52 | Age | Feudal Age |
| 9:56 | Research | Bow Saw |
| 10:01 | Research | Horse Collar |
| 10:12 | Build | House |
| 10:19 | Build | Palisade Wall |
| 10:22 | Create | Villager (Male) |
| 10:22 | Create | Villager (Male) |
| 10:25 | Create | Flemish Militia |
| 10:37 | Build | Palisade Gate |
| 10:46 | Build | Farm |
| 10:50 | Build | Farm |
| 10:58 | Create | Villager (Male) |
| 11:07 | Create | Flemish Militia |
| 11:14 | Build | House |
| 11:19 | Build | Farm |
| 11:22 | Build | Farm |
| 11:41 | Build | Farm |
| 11:48 | Build | Mining Camp |
| 11:50 | Create | Villager (Male) |
| 12:22 | Build | Farm |
| 12:23 | Create | Villager (Male) |
| 12:31 | Research | Heavy Plow |
| 12:42 | Build | Farm |
| 12:48 | Create | Villager (Male) |
| 12:48 | Create | Villager (Male) |
| 13:01 | Build | Farm |
| 13:04 | Create | Flemish Militia |
| 13:13 | Create | Villager (Male) |
| 13:17 | Build | Farm |
| 13:39 | Create | Villager (Male) |
| 13:45 | Build | Farm |
| 13:50 | Build | Farm |
| 13:53 | Build | Farm |
| 13:57 | Build | House |
| 14:01 | Create | Villager (Male) |
| 14:02 | Create | Flemish Militia |
| 14:26 | Research | Wheelbarrow |
| 14:52 | Create | Villager (Male) |
| 14:59 | Build | Farm |
| 15:03 | Build | Blacksmith |
| 15:20 | Build | Farm |
| 15:29 | Build | Farm |
| 15:30 | Create | Villager (Male) |
| 15:32 | Research | Town Watch |
| 15:36 | Build | Outpost |
| 15:47 | Build | House |
| 16:12 | Build | Stable |
| 16:39 | Create | Villager (Male) |
| 16:39 | Create | Villager (Male) |
| 17:06 | Build | House |
| 17:09 | Build | House |
| 17:21 | Build | Farm |
| 17:23 | Research | Castle Age |
| 17:30 | Build | House |
| 17:45 | Research | Gold Mining |
| 17:52 | Build | Farm |
| 18:04 | Create | Flemish Militia |
| 18:25 | Create | Flemish Militia |
| 18:33 | Research | Forging |
| 18:36 | Research | Gold Shaft Mining |
| 18:48 | Build | Watch Tower |
| 18:55 | Create | Villager (Male) |
| 19:14 | Build | Stable |
| 19:33 | Build | Market |
| 19:42 | Research | Scale Barding Armor |
| 19:53 | Build | House |
| 20:05 | Build | Stone Wall |
| 20:09 | Age | Castle Age |
| 20:12 | Create | Knight |
| 20:12 | Create | Knight |
| 20:31 | Create | Villager (Male) |
| 20:31 | Create | Villager (Male) |
| 20:33 | Research | Husbandry |
| 20:35 | Create | Knight |
| 21:06 | Create | Knight |
| 21:06 | Create | Knight |
| 21:15 | Build | Mining Camp |
| 21:17 | Research | Hand Cart |
| 21:30 | Create | Knight |
| 21:30 | Create | Knight |
| 21:46 | Build | Farm |
| 22:14 | Research | Cavalier (upgrade) |
| 22:14 | Create | Knight |
| 22:46 | Create | Villager (Male) |
| 22:46 | Create | Villager (Male) |
| 22:46 | Create | Villager (Male) |
| 23:01 | Research | Chain Barding Armor |
| 23:15 | Research | Arson |
| 23:35 | Create | Knight |
| 23:36 | Create | Knight |
| 24:10 | Create | Villager (Male) |
| 24:10 | Create | Villager (Male) |
| 24:14 | Create | Knight |
| 24:15 | Create | Knight |
| 24:19 | Build | Monastery |
| 24:31 | Build | Monastery |
| 24:35 | Create | Villager (Male) |
| 24:35 | Create | Villager (Male) |
| 24:40 | Build | Farm |
| 24:52 | Research | Iron Casting |
| 24:54 | Create | Monk |
| 25:23 | Create | Monk |
| 25:24 | Build | Farm |
| 25:25 | Create | Villager (Male) |
| 25:25 | Create | Villager (Male) |
| 25:46 | Create | Monk |
| 26:20 | Research | Light Cavalry (upgrade) |
| 26:21 | Create | Scout Cavalry |
| 26:21 | Create | Scout Cavalry |
| 26:21 | Create | Knight |
| 26:25 | Build | Stable |
| 26:28 | Research | Fervor |
Match timeline
| 6:09 | OnlyMouseAoE2 · wall_segment Palisade Wall x19 |
| 7:00 | OnlyMouseAoE2 · wall_segment Palisade Wall x9 |
| 7:10 | Legate · wall_segment Palisade Wall x4 |
| 7:24 | OnlyMouseAoE2 · wall_segment Palisade Wall x2 |
| 8:06 | Legate · first_building Barracks |
| 8:22 | Legate · wall_segment Palisade Wall x1 |
| 8:23 | Legate · wall_segment Palisade Wall x1 |
| 8:52 | Legate · age_up feudal |
| 9:00 | Legate · first_building Stable |
| 9:29 | OnlyMouseAoE2 · first_building Barracks |
| 9:30 | Legate · wall_segment Palisade Wall x5 |
| 9:45 | Legate · wall_segment Palisade Wall x1 |
| 9:45 | Legate · wall_segment Palisade Wall x1 |
| 9:46 | Legate · wall_segment Palisade Wall x4 |
| 9:52 | OnlyMouseAoE2 · age_up feudal |
| 10:19 | OnlyMouseAoE2 · wall_segment Palisade Wall x11 |
| 10:33 | Legate · wall_segment Palisade Wall x5 |
| 11:29 | Legate · wall_segment Palisade Wall x3 |
| 11:46 | Legate · first_building Archery Range |
| 12:17 | Legate · wall_segment Palisade Wall x1 |
| 14:24 | Legate · wall_segment Palisade Wall x1 |
| 16:12 | OnlyMouseAoE2 · first_building Stable |
| 17:08 | Legate · wall_segment Palisade Wall x1 |
| 20:05 | OnlyMouseAoE2 · wall_segment Stone Wall x1 |
| 20:09 | OnlyMouseAoE2 · age_up castle |
| 20:23 | Legate · age_up castle |
| 20:57 | Legate · first_building Siege Workshop |
| 22:33 | Legate · wall_segment Palisade Wall x1 |
| 22:34 | Legate · wall_segment Palisade Wall x1 |
| 22:45 | Legate · first_building Monastery |
| 24:19 | OnlyMouseAoE2 · first_building Monastery |
| 26:36 | Legate · wall_segment Palisade Wall x1 |
| 31:29 | Legate · first_building Castle |
| 31:33 | Legate · wall_segment Palisade Wall x1 |
| 31:34 | Legate · wall_segment Palisade Wall x1 |
| 33:49 | OnlyMouseAoE2 · first_market_sell 100 wood |
| 34:54 | Legate · wall_segment Stone Wall x1 |
| 35:00 | Legate · wall_segment Palisade Wall x1 |
| 35:18 | Legate · wall_segment Palisade Wall x1 |
| 37:46 | OnlyMouseAoE2 · first_building Siege Workshop |
| 38:20 | Legate · age_up imperial |
| 40:18 | Legate · wall_segment Palisade Wall x6 |
| 40:53 | Legate · wall_segment Palisade Wall x1 |
| 41:07 | OnlyMouseAoE2 · first_building Castle |
| 44:22 | Legate · resign |
[ AI ANALYSIS · 1 CREDIT ]
What really happened in this match?
Wolo.gg analyzes every decision: build order, eco, micro, common mistakes by bracket. Personalized analysis on WhatsApp or Discord in 30 seconds.
Civ guide
Wu
Perfil
Legate